 Dungeon Crawl Stone Soup version 0.18.1-47-g9310371 (webtiles) character file.

262 Implojin the Cleaver (level 5, 0/45 HPs)
             Began as a Minotaur Berserker on June 22, 2016.
             Was a Believer of Trog.
             Slain by a giant frog (4 damage)
             ... on level 6 of the Dungeon.
             The game lasted 00:04:15 (749 turns).

Implojin the Cleaver (Minotaur Berserker)            Turns: 749, Time: 00:04:15

Health: 0/45       AC:  7    Str: 22    XL:     5   Next: 97%
Magic:  4/4        EV: 10    Int:  4    God:    Trog [**....]
Gold:   70         SH:  0    Dex: 10    Spells: 0 memorised, 4 levels left

rFire  . . .     SeeInvis .     a - +0 hand axe
rCold  . . .     Gourm    .     i - +0 scale mail
rNeg   . . .     Faith    .     (no shield)
rPois  .         Spirit   .     (helmet restricted)
rElec  .         Dismiss  .     f - +0 cloak
rCorr  .         Reflect  .     (no gloves)
SustAt .         Harm     .     (no boots)
MR     .....                    (no amulet)
Stlth  ..........               (no ring)
                                (no ring)

@: lethally poisoned (0 -> -1), exhausted, very slightly contaminated, hasted
and slowed, not resistant to hostile enchantments, extremely unstealthy
A: retaliatory headbutt, horns 2
a: Berserk, Trog's Hand, Burn Spellbooks, Renounce Religion


You were on level 6 of the Dungeon.
You worshipped Trog.
Trog was pleased with you.
You were hungry.

You visited 1 branch of the dungeon, and saw 6 of its levels.

You collected 70 gold pieces.

Inventory:

Hand Weapons
 a - a +0 hand axe (weapon)
 e - a cursed -3 mace
Armour
 b - a +0 animal skin
 f - a +0 cloak (worn)
 i - a +0 scale mail (worn)
Jewellery
 d - a +3 ring of protection {unknown}
Scrolls
 k - a scroll of amnesia
 o - a scroll of remove curse
Potions
 j - a potion of lignification {unknown}
 p - a potion of cure mutation {unknown}
 q - 2 potions of heal wounds {unknown}
Comestibles
 c - 2 bread rations
 h - 5 chunks of flesh
 l - 2 meat rations
 n - 2 royal jellies


   Skills:
 - Level 3.6 Fighting
 * Level 8.1 Axes
 - Level 2.4 Armour
 - Level 2.1 Dodging


You had 4 spell levels left.
You didn't know any spells.

Dungeon Overview and Level Annotations

Branches:
Dungeon (6/15)
 Temple: D:4-7

Altars:

Annotations:
D:6 Implojin's ghost, novice TrFi


Innate Abilities, Weirdness & Mutations

You reflexively headbutt those who attack you in melee.
You have a pair of horns on your head.


Message History

The worker ant is lightly wounded.
The giant frog gives a loud, deep croak!
The worker ant barely misses you. You furiously retaliate!
You headbutt the worker ant. The worker ant barely misses you.
Implojin's ghost (novice Troll Fighter) comes into view.
Read which item? (? for menu, Esc to quit)
As you read the scroll labeled NOMAYTW PODGHEI, it crumbles to dust.
It is a scroll of identify.
Identify which item? (\ to view known items) (? for menu, Esc to quit)
k - a scroll of amnesia Implojin's ghost turns its malevolent gaze towards you.
The worker ant bites you.
You are poisoned.
The worker ant poisons you! The worker ant barely misses you.
Read which item? (? for menu, Esc to quit)
Identify which item? (\ to view known items) (? for menu, Esc to quit)
As you read the scroll of identify, it crumbles to dust.
o - a scroll of remove curse You feel sick.
The giant frog misses you. You furiously retaliate!
You headbutt the giant frog! The giant frog hits you.
* * * LOW HITPOINT WARNING * * *
The worker ant bites you.
* * * LOW HITPOINT WARNING * * *
The giant frog hits you.
* * * LOW HITPOINT WARNING * * *
Drink which item? (? for menu, Esc to quit)
You feel yourself speed up.
You feel sick. The worker ant barely misses you. The giant frog hits you.
* * * LOW HITPOINT WARNING * * *
The worker ant misses you. The giant frog hits you.
* * * LOW HITPOINT WARNING * * *
You are very lightly contaminated with residual magic.
You feel sick. The giant frog hits you.
* * * LOW HITPOINT WARNING * * *
The worker ant bites you but does no damage.
An adder comes into view.
The giant frog hits you.
* * * LOW HITPOINT WARNING * * *
You feel sick. The giant frog hits you.
You die...

...##.###.......
#............
#.[?..[...# ...###
#.........# .#....
##........###......
#.####....†............
#.....aW...............
#..#.#F#..........#....
.. #@#...............
.. #.#..........#. .
#.#..........#
...#.#..........#
............#####...
.......<....÷.......
..#.........####....
#.........# .
#............


You could see a giant frog, a worker ant and Implojin's ghost.

Vanquished Creatures
  Menkaure (D:6)
  A crimson imp (D:6)
  A hound (D:4)
  A worker ant (D:4)
  4 adders
  A giant cockroach (D:1)
  2 goblins (D:1)
  A hobgoblin (D:1)
  4 jackals
  A kobold (D:1)
  A quokka (D:4)
  2 giant newts
  2 rats
22 creatures vanquished.

Notes
Turn   | Place    | Note
--------------------------------------------------------------
     0 | D:1      | Implojin the Minotaur Berserker began the quest for the Orb.
     0 | D:1      | Reached XP level 1. HP: 19/19 MP: 0/0
   109 | D:1      | Reached skill level 4 in Axes
   277 | D:2      | Reached XP level 2. HP: 9/26 MP: 1/1
   536 | D:4      | Reached skill level 5 in Axes
   536 | D:4      | Reached XP level 3. HP: 31/31 MP: 2/2
   539 | D:4      | Reached skill level 6 in Axes
   539 | D:4      | Reached XP level 4. HP: 39/39 MP: 3/3
   637 | D:5      | Entered Level 5 of the Dungeon
   704 | D:6      | Reached ** piety under Trog
   724 | D:6      | Reached XP level 5. HP: 44/45 MP: 4/4
   725 | D:6      | Noticed Menkaure
   732 | D:6      | Killed Menkaure
   732 | D:6      | Reached skill level 8 in Axes
   741 | D:6      | Noticed Implojin's ghost (novice TrFi)
   749 | D:6      | Slain by a giant frog

Skill      XL: |  1  2  3  4  5 |
---------------+----------------+-----
Axes           | 4 5 6 8 |  8.1
Fighting       | |  3.6
Armour         | |  2.4
Dodging        | |  2.1

Action                   |  1- 3 |  4- 6 || total
-------------------------+-------+-------++-------
Melee: Hand axe          |    27 |    37 ||    64
       Headbutt          |     3 |     3 ||     6
Invok: Berserk           |     1 |     1 ||     2
  Use: Potion            |     1 |     1 ||     2
       Scroll            |       |     2 ||     2
  Eat: Chunk             |       |     1 ||     1
Armor: Animal skin       |     5 |       ||     5
       Scale mail        |    10 |    16 ||    26
Dodge: Dodged            |    25 |    23 ||    48

Table legend:
 A = Turns spent in this place as a percentage of turns spent in the entire game.
 B = Non-inter-level travel turns spent in this place as a percentage of non-inter-level travel turns spent in the entire game.
 C = Inter-level travel turns spent in this place as a percentage of turns spent in this place.
 D = Turns resting spent in this place as a percentage of non-inter-level travel turns spent in this place.
 E = Turns spent auto-exploring this place as a percentage of non-inter-level travel turns spent in this place.
 F = Non-inter-level travel turns spent in this place divided by the number of levels of this place that you've seen.
                   A       B       C       D       E      F
               +-------+-------+-------+-------+-------+----------------------
         Total | 100.0 | 100.0 |   0.0 |   0.4 |   0.0 |  93.7
       Dungeon | 100.0 | 100.0 |   0.0 |   0.4 |   0.0 |  93.7
               +-------+-------+-------+-------+-------+----------------------

Table legend:
 A = Kills in this place as a percentage of kills in entire the game.
 B = Kills by you in this place as a percentage of kills by you in the entire game.
 C = Kills by friends in this place as a percentage of kills by friends in the entire game.
 D = Other kills in this place as a percentage of other kills in the entire game.
 E = Experience gained in this place as a percentage of experience gained in the entire game.
 F = Experience gained in this place divided by the number of levels of this place that you have seen.
                   A       B       C       D       E      F
               +-------+-------+-------+-------+-------+----------------------
         Total | 100.0 | 100.0 |  -nan |  -nan | 100.0 |  62.5
       Dungeon | 100.0 | 100.0 |  -nan |  -nan | 100.0 |  62.5
               +-------+-------+-------+-------+-------+----------------------
